 Dungeon Crawl Stone Soup version 0.24.0-2-g5b39cebb1c (webtiles) character file.

Game seed: 14824943280683447404, levelgen mode: deterministic

107 Esekla the Slasher (level 4, -4/28 HPs)
             Began as a Vampire Abyssal Knight on Oct 30, 2019.
             Was a Believer of Lugonu.
             Killed by divine providence
             ... invoked by an orc priest
              (8 damage)
             ... on level 3 of the Dungeon.
             The game lasted 00:14:10 (1769 turns).

Esekla the Slasher (Vampire Abyssal Knight)         Turns: 1769, Time: 00:14:11

Health: -4/28      AC:  7    Str: 11    XL:     4   Next: 57%
Magic:  4/5        EV: 13    Int: 14    God:    Lugonu [**....]
Gold:   131        SH:  0    Dex: 14    Spells: 3/3 levels left

rFire    . . .     SeeInvis +   a - +1 falchion
rCold    + + +     Gourm    .   (no shield)
rNeg     + + +     Faith    .   r - +2 robe {rC+}
rPois    ∞         Spirit   .   (no helmet)
rElec    .         Reflect  .   h - +2 cloak
rCorr    .         Harm     .   (no gloves)
MR       .....                  (no boots)
Stlth    ++++......             (no amulet)
HPRegen  0.00/turn              (no ring)
MPRegen  0.09/turn              (no ring)

@: very slightly contaminated, bloodless, regenerating quickly
A: no food, fangs 3, see invisible, unbreathing
a: Bat Form, Revivify, Depart the Abyss, Bend Space, Renounce Religion


You were on level 3 of the Dungeon.
You worshipped Lugonu.
Lugonu was pleased with you.
You were bloodless.

You visited 1 branch of the dungeon, and saw 3 of its levels.
You visited the Abyss 1 time.

You collected 131 gold pieces.

Inventory:

Hand Weapons
 a - a +1 falchion (weapon)
 i - a +0 antimagic dagger
 v - a +2 dagger of venom
Missiles
 g - 6 atropa-tipped darts (quivered)
Armour
 b - a +0 leather armour
 h - a +2 cloak (worn)
 r - a +2 robe of cold resistance (worn)
Wands
 e - a wand of acid (19)
Scrolls
 l - a scroll of enchant weapon
Potions
 d - 4 potions of curing
 k - a potion of berserk rage {unknown}
 m - 2 potions of resistance
 o - 2 potions of heal wounds
 q - 2 potions of haste {unknown}


   Skills:
 + Level 3.3 Fighting
 + Level 0.7(2.4) Short Blades
 * Level 3.4 Long Blades
 + Level 1.1 Armour
 + Level 2.5 Dodging
 + Level 2.0 Stealth
 + Level 1.6 Invocations


You had 3 spell levels left.
You didn't know any spells.
Your spell library was empty.

Dungeon Overview and Level Annotations

Branches:
Dungeon (3/15)

Altars:


Innate Abilities, Weirdness & Mutations

You do not eat.
You do not regenerate when monsters are visible.
You are frail without blood (-20% HP).
You can heal yourself when you bite living creatures.
You are immune to poison.
You have razor-sharp teeth.
You have supernaturally acute eyesight. (SInv)
You can survive without breathing.


Message History

You kill the orc!
Lugonu accepts your kill.
The orc wizard hits you but does no damage.
You miss the jackal.
The orc wizard begins to cast a cantrip, but forgets the words!
The jackal bites you but does no damage.
The orc wizard hits you with a cursed -1 dagger.
You miss the jackal.
The orc wizard hits you with a cursed -1 dagger.
* * * LOW HITPOINT WARNING * * *
The jackal bites you.
* * * LOW HITPOINT WARNING * * *
The orc wizard casts a spell at you. The puff of frost hits you. You resist.
* * * LOW HITPOINT WARNING * * *
The jackal closely misses you.
You riposte.
You barely miss the jackal. Space bends around you!
You blink.
The orc priest mumbles some strange prayers to Beogh against you.
Beogh smites you!
You die...

.#### ....#
....# #...#
#...# #####
#...# #@..#
#...#
#...######...#
+...(........+
#.oh....<#...#
#h)..#########
###+##)o.#
.......oh.#
.....o....#
...o......#


You could see an orc priest, an orc wizard, an orc and 3 jackals.

Vanquished Creatures
  An orc priest (D:3)
  4 worms (D:2)
  2 dart slugs (D:1)
  3 leopard geckos
  An orc (D:3)
  3 giant cockroaches
  4 goblins
  4 hobgoblins
  6 jackals (D:1)
  9 kobolds
  2 quokkas (D:2)
  2 ball pythons
  8 bats
  4 frilled lizards
  5 rats
58 creatures vanquished.

Notes
Turn   | Place    | Note
-------+----------+-------------------------------------------
     0 | Abyss:1  | Esekla the Vampire Abyssal Knight began the quest for the
                  | Orb.
     0 | Abyss:1  | Reached XP level 1. HP: 17/17 MP: 2/2
    42 | Abyss:1  | Noticed a raiju
    67 | Abyss:2  | Found a corrupted altar of Lugonu.
   120 | Abyss:3  | Noticed a bone dragon
   124 | Abyss:3  | Noticed a small abomination
   128 | Abyss:3  | Noticed a hell knight
   141 | D:1      | Escaped the Abyss
   238 | D:1      | Reached * piety under Lugonu
   320 | D:1      | Reached XP level 2. HP: 11/19 MP: 3/3
   965 | D:1      | Reached skill level 1 in Armour
   965 | D:1      | Reached XP level 3. HP: 23/23 MP: 4/4
  1356 | D:2      | Reached skill level 1 in Stealth
  1431 | D:2      | Reached ** piety under Lugonu
  1513 | D:2      | Found a faded altar of an unknown god.
  1526 | D:2      | Reached XP level 4. HP: 22/28 MP: 5/5
  1769 | D:3      | Killed from afar by an orc priest

Levels and vault maps discovered:
D:1:      wander_arrival_chamber, layout_rooms
D:2:      layout_rooms, chequers_ecumenical_altar_simple
D:3:      layout_basic, cheibrodos_sewer_entry_sluice, led_sif_pool

Skill      XL: |  1  2  3  4 |
---------------+-------------+-----
Fighting       | 3 |  3.3
Armour         | 1 |  1.1
Stealth        | 1 2 |  2.0
Long Blades    | 3 |  3.4
Short Blades   | |  0.7
Dodging        | |  2.5
Invocations    | |  1.6

Action                   |  1- 3 |  4- 6 || total
-------------------------+-------+-------++-------
Melee: Falchion          |    93 |    10 ||   103
       Bite              |     8 |     1 ||     9
       Dagger            |    29 |    18 ||    47
Throw: Dart              |     9 |       ||     9
Invok: Depart the Abyss  |     1 |       ||     1
       Bend Space        |       |     1 ||     1
 Abil: Exsanguinate      |     1 |       ||     1
  Use: Scroll            |       |     9 ||     9
 Stab: Sleeping          |     8 |     2 ||    10
       Invisible         |     1 |       ||     1
Armor: Leather armour    |    23 |       ||    23
       Robe              |     9 |     5 ||    14
Dodge: Dodged            |    79 |    19 ||    98
       Rpst.: Falchion   |    16 |     2 ||    18
